 Dungeon Crawl Stone Soup version 0.27.0-1-g7a089689b8 (webtiles) character file.

Game seed: 12361603387955578524

2 tilp the Skirmisher (level 1, -2/24 HPs)
             Began as an Ogre Delver on Aug 6, 2021.
             Slain by a goblin (3 damage)
             ... led by Robin
             ... on level 3 of the Dungeon.
             The game lasted 00:01:08 (188 turns).

tilp the Skirmisher (Ogre Delver)                    Turns: 188, Time: 00:01:08

Health: -2/24      AC:  3    Str: 15    XL:     1   Next: 40%
Magic:  1/1        EV:  9    Int: 11    God:
Gold:   11         SH:  0    Dex: 10    Spells: 0/0 levels left

rFire    . . .     SeeInvis .   a - +0 mace
rCold    . . .     Faith    .   (no shield)
rNeg     . . .     Spirit   .   b - +0 robe
rPois    .         Reflect  .   (helmet restricted)
rElec    .         Harm     .   h - scarf {+Inv}
rCorr    .         Rampage  .   (gloves unavailable)
Will     .....                  (boots unavailable)
Stlth    ++........             (no amulet)
HPRegen  0.08/turn              (no ring)
MPRegen  0.07/turn              (no ring)

@: attractive
A: large, unfitting armour, tough skin 1
a: Evoke Invisibility


You were on level 3 of the Dungeon.
You visited 1 branch of the dungeon, and saw 3 of its levels.

You collected 11 gold pieces.

Inventory:

Hand Weapons
 a - a +0 mace (weapon)
Armour
 b - a +0 robe (worn)
 h - a scarf of invisibility (worn)
Wands
 g - a wand of digging (3)
Scrolls
 c - a scroll of fog
Potions
 f - a potion of haste


   Skills:
 - Level 4.0 Fighting
 + Level 2.0 Maces & Flails
 - Level 1.7 Dodging
 - Level 3.7 Stealth


You couldn't memorise any spells.
You didn't know any spells.
Your spell library was empty.

Dungeon Overview and Level Annotations

Branches:
Dungeon (5/15)             Temple (0/1) D:4

Altars:

Shops:
D:3 =

Annotations:
D:3 Robin


Innate Abilities, Weirdness & Mutations

You are too large for most types of armour.
You have tough skin. (AC +1)


Message History

A goblin comes into view. It is wielding a +0 dagger.
A hobgoblin and Robin come into view.
Robin is wielding a +2 dagger of speed.
Robin shouts!
The hobgoblin shouts!
You hear a shout! x3
A goblin comes into view. It is wielding a +0 dagger.
The goblin shouts! 4 goblins and a hobgoblin come into view.
A goblin comes into view. It is wielding a +0 dagger.
A bat comes into view.
The goblin shouts! x2
The goblin hits you with a +0 dagger. The bat barely misses you. x2
Robin points. "Kill!"
The bat closely misses you.
Robin roars a battlecry!
The goblins go into a battle-frenzy!
You hear a shout!
The bat barely misses you.
You barely miss the bat. The bat misses you. The goblin barely misses you.
The bat hits you but does no damage. The goblin hits you but does no damage.
The goblin hits you with a +0 club. The bat misses you.
The bat closely misses you. Robin throws the goblin at you!
The goblin hits you with a +0 dagger.
You hit the goblin.
The goblin is moderately wounded.
The goblin hits you with a +0 dagger.
* * * LOW HITPOINT WARNING * * *
The goblin hits you with a +0 club.
* * * LOW HITPOINT WARNING * * *
The goblin hits you with a +0 dagger.
* * * LOW HITPOINT WARNING * * *
The bat hits you.
* * * LOW HITPOINT WARNING * * *
The goblin barely misses you. The goblin closely misses you.
Unknown command.
Okay, then.
It was a potion of attraction.
You feel attractive to monsters. The bat barely misses you.
The goblin hits you with a +0 dagger.
You die...

#.........##........######
..#........#.....##......##
.........).......##........
.#######.........##.....#.#
##...####...>.####.#
##.##b.##..#.###....
##..#...##..###..##.#
#..##.#.#...##.####+#
#....#g@.#.#.#..........
....####g#gg.#....######+#
... ...#g.g...............
.. #.#gggo......#.####+# .
##..g.........##..##.#
#.......)......###....
#.###.........## ###.#
...####........## #.#
##+.#........##..# #.#


You could see Robin, an orc, 2 hobgoblins, 6 goblins and a bat.

Vanquished Creatures
  A goblin (D:3)
  A ball python (D:3)
  A bat (D:3)
3 creatures vanquished.

Notes
Turn   | Place    | Note
-------+----------+-------------------------------------------
     0 | D:5      | tilp the Ogre Delver began the quest for the Orb.
     0 | D:5      | Reached XP level 1. HP: 24/24 MP: 1/1
    23 | D:4      | Noticed an iguana
   157 | D:3      | Found Vukohess's Jewellery Shop.
   172 | D:3      | Noticed Robin
   187 | D:3      | HP: 1/24 [bat (1)]
   188 | D:3      | Slain by a goblin

Illustrated notes

Levels and vault maps discovered:
D:3:      layout_rooms, hellmonk_ecumenical_altar_slurped_away, serial_shops,
          nicolae_shop_temple_entry_statues_fountains, solitary_fountain,
          interstate_on_off, uniq_robin, uniq_crazy_yiuf_cottage
D:4:      layout_cave_pools, minmay_temple_entry_enclosed_plants,
          nicolae_ossuary_entry_giza, amethyst_killhole, nicolae_specific_store,
          grunt_decor_arrowhead, uniq_eustachio
D:5:      layout_gridville, lemuel_blue_sif_altar, uniq_blork_the_orc,
          uniq_grinder, uniq_ijyb

Skill      XL: |  1 |
---------------+----+-----
Maces & Flails | 2 |  2.0
Fighting       | |  4.0
Dodging        | |  1.7
Stealth        | |  3.7

Action                   || total
-------------------------++-------
Melee: Mace              ||     6
  Use: Scroll            ||     2
       Potion            ||     1
 Stab: Sleeping          ||     1
Armor: Robe              ||     2
Dodge: Dodged            ||    12
